 Dungeon Crawl Stone Soup version 0.32-a0-898-g7811c86cf0 (webtiles) character file.

Game seed: 16335685578159139651

49 timneilson the Sneak (level 4, 0/25 HPs)
             Began as a Kobold Enchanter on Apr 5, 2024.
             Slain by a bombardier beetle (3 damage)
             ... on level 3 of the Dungeon.
             The game lasted 00:06:50 (1653 turns).

timneilson the Sneak (Kobold Enchanter)             Turns: 1653, Time: 00:06:50

Health: 0/25       AC:  2    Str:  5    XL:     4   Next: 2%
Magic:  7/7        EV: 14    Int: 16    God:
Gold:   111        SH:  0    Dex: 17    Spells: 6/8 levels left

rFire   . . .        h - +0 rapier
rCold   . . .        (no shield)
rNeg    . . .        b - +0 robe
rPois   .            (no helmet)
rElec   .            (no cloak)
rCorr   .            (no gloves)
SInv    .            (no boots)
Will    .....        (no amulet)
Stlth   ++           (no ring)
HPRegen 0.24/turn    (no ring)
MPRegen 0.10/turn

%: no passive effects
@: on fire, glowing
A: small, no large weapons, nightstalker 3
a: no special abilities


You were on level 3 of the Dungeon.
You visited 1 branch of the dungeon, and saw 3 of its levels.

You collected 111 gold pieces.

Inventory:

Hand Weapons
 a - a +1 dagger
 h - a +0 rapier (weapon)
Armour
 b - a +0 robe (worn)
Scrolls
 f - a scroll of teleportation
Potions
 c - 2 potions of invisibility
 d - a potion of enlightenment {unknown}
 e - 2 potions of curing
 g - 3 potions of brilliance {unknown}
 i - a potion of might {unknown}
 j - a potion of degeneration {unknown}
 k - a potion of berserk rage {unknown}


   Skills:
 + Level 1.0 Fighting
 * Level 2.5 Short Blades
 + Level 0.4 Armour
 * Level 3.0 Dodging
 + Level 4.3 Stealth
 + Level 2.5 Spellcasting
 - Level 3.1 Hexes
 + Level 0.2 Ice Magic


You had 6 spell levels left.
You knew the following spells:

 Your Spells              Type           Power      Damage    Failure   Level
a - Ensorcelled Hibernat  Hex/Ice        14%        N/A       16%         2

Your spell library contained the following spells:

 Spells                   Type           Power      Damage    Failure   Level
 Confusing Touch          Hex            11%        N/A       17%         3
 Tukima's Dance           Hex            11%        N/A       17%         3
 Dazzling Flash           Conj/Hex       12%        N/A       30%         3
 Hailstorm                Conj/Ice       2%         3d5       50%         3
 Summon Ice Beast         Ice/Summ       2%         N/A       50%         3
 Passwall                 Erth           2%         N/A       52%         3
 Swiftness                Air            2%         N/A       52%         3
 Ignite Poison            Fire/Alch      2%         N/A       89%         4
 Sticky Flame             Fire/Alch      2%         2d4       89%         4
 Permafrost Eruption      Ice/Erth       1%         2x4d1     100%        6
 Sculpt Simulacrum        Ice/Alch       1%         N/A       100%        6
 Ignition                 Fire           1%         3d3       100%        8


Dungeon Overview and Level Annotations

Branches:
Dungeon (3/15)

Altars:


Innate Abilities, Weirdness & Mutations

You are small and have problems with some larger weapons.
You are completely attuned to the shadows.


Message History

You kill the adder!
Your Fighting skill increases to level 1!
You have reached level 4!
There is a stone staircase leading up here.
Found an inky potion.
Found a flail.
k - an inky potion
g - 3 metallic black potions (gained 1)
Found 6 stones.
You now have 111 gold pieces (gained 15).
A bombardier beetle comes into view.
Found a robe.
You puncture the bombardier beetle!
The bombardier beetle is moderately wounded.
You hit the bombardier beetle but do no damage.
The bombardier beetle is moderately wounded.
The bombardier beetle sprays incendiary fluid at you.
The burning spray hits you.
You are covered in liquid fire!
You hit the bombardier beetle.
The bombardier beetle is severely wounded.
The liquid fire burns you!
The bombardier beetle barely misses you.
You hit the bombardier beetle but do no damage.
The bombardier beetle is severely wounded.
The liquid fire burns you!
You hit the bombardier beetle but do no damage.
The bombardier beetle is severely wounded.
The liquid fire burns you! The bombardier beetle bites you.
You completely miss the bombardier beetle.
The bombardier beetle is severely wounded.
The liquid fire burns you!
* * * LOW HITPOINT WARNING * * *
You hit the bombardier beetle but do no damage.
The bombardier beetle is severely wounded.
The liquid fire burns you!
* * * LOW HITPOINT WARNING * * *
The bombardier beetle bites you.
You die...

###.. ...## ...# ..#
#B.# #..# #@.# ###..
##..# #....## #(..#
#.##..#### #.[#.#
#.###....##
#..##.###......#..##
..#
#..........##..## ##
#######....###..#
#....##...# #.
##.......###


You could see a bombardier beetle.

Vanquished Creatures
  An adder (D:3)
  A dart slug (D:1)
  A ribbon worm (D:2)
  2 ball pythons (D:1)
  An endoplasm (D:1)
  3 giant cockroaches
  5 hobgoblins
  3 jackals (D:2)
  2 quokkas (D:1)
  A bat (D:2)
  2 frilled lizards
  A goblin (D:1)
  5 kobolds
  7 rats
35 creatures vanquished.

Notes
Turn   | Place    | Note
-------+----------+-------------------------------------------
     0 | D:1      | timneilson the Kobold Enchanter began the quest for the
                  | Orb.
     0 | D:1      | Reached XP level 1. HP: 10/10 MP: 3/3
   125 | D:1      | Reached XP level 2. HP: 15/15 MP: 5/5
   229 | D:1      | Learned a level 2 spell: Ensorcelled Hibernation
   456 | D:1      | Reached XP level 3. HP: 20/20 MP: 6/6
  1563 | D:3      | Reached skill level 1 in Fighting
  1563 | D:3      | Reached XP level 4. HP: 25/25 MP: 7/7
  1653 | D:3      | Slain by a bombardier beetle

Illustrated notes

Levels and vault maps discovered:
D:1:      ncdulo_watergridlock, layout_basic
D:2:      layout_loops_cross
D:3:      layout_rooms, minmay_misc_feat_square

Skill      XL: |  1  2  3 |
---------------+----------+-----
Short Blades   | 2 |  2.5
Dodging        | 3 |  3.0
Fighting       | 1 |  1.0
Armour         | |  0.4
Stealth        | |  4.3
Spellcasting   | |  2.5
Hexes          | |  3.1
Ice Magic      | |  0.2

Action                     |  1- 3 |  4- 6 || total
---------------------------+-------+-------++-------
  Melee: Dagger            |    32 |       ||    32
         Rapier            |    46 |     7 ||    53
    Use: Scroll            |     3 |       ||     3
   Stab: Sleeping          |    15 |       ||    15
 Armour: Robe              |    21 |     2 ||    23
  Dodge: Dodged            |    57 |     1 ||    58

Table legend: (Time is in decaauts)
 A = Elapsed time spent in this place.
 B = Non-inter-level travel time spent in this place.
 C = Inter-level travel time spent in this place.
 D = Time resting spent in this place.
 E = Time spent auto-exploring this place.
 F = Levels seen in this place.
 G = Mean time per level.
                   A        B        C        D        E       F      G
               +--------+--------+--------+--------+--------+-----+--------+
         Total |   1654 |   1600 |     54 |     34 |    915 |   3 |  551.3 |
       Dungeon |   1654 |   1600 |     54 |     34 |    915 |   3 |  551.3 |
               +--------+--------+--------+--------+--------+-----+--------+

Top non-repeatable levels by time:
     D:1: 856 daAuts
     D:2: 703 daAuts
     D:3: 94 daAuts
